 Dungeon Crawl Stone Soup version 0.19-a0-1193-g2641e52 (webtiles) character file.

173 kae the Insei (level 5, 0/40 HPs)
             Began as a Draconian Transmuter on Aug 19, 2016.
             Was a Follower of Qazlal.
             Succumbed to a worker ant's poison
             ... on level 3 of the Dungeon.
             The game lasted 00:05:06 (3086 turns).

kae the Insei (Draconian Transmuter)                Turns: 3086, Time: 00:05:07

Health: 0/40       AC:  7    Str: 12    XL:     5   Next: 28%
Magic:  2/8        EV: 12    Int: 13    God:    Qazlal [*.....]
Gold:   180        SH:  1    Dex: 13    Spells: 3 memorised, 2 levels left

rFire  . . .     SeeInvis +       - Unarmed
rCold  + . .     Gourm    .     (armour unavailable)
rNeg   . . .     Faith    .     (no shield)
rPois  .         Spirit   .     (helmet restricted)
rElec  .         Dismiss  .     e - +1 cloak
rCorr  .         Reflect  .     (no gloves)
MR     .....     Harm     .     (no boots)
Stlth  +.........               (no amulet)
                                h - ring of protection from cold
                                j - ring of see invisible

@: lethally poisoned (0 -> -2), flying, very slightly contaminated, hasted, very
quick
A: unfitting armour, cold-blooded, AC +5
a: Renounce Religion


You were on level 3 of the Dungeon.
You worshipped Qazlal.
Qazlal was aware of your devotion.
You were hungry.

You visited 1 branch of the dungeon, and saw 4 of its levels.

You collected 180 gold pieces.

Inventory:

Missiles
 a - 91 arrows
Armour
 e - a +1 cloak (worn)
Jewellery
 h - a ring of protection from cold (right hand)
 j - a ring of see invisible (left hand)
Scrolls
 n - a scroll of identify
Potions
 d - 2 potions of brilliance
Books
 b - a book of Changes

   Spells                             Type                      Level
   a - Beastly Appendage              Transmutation                1
   b - Sticks to Snakes               Transmutation                2
   c - Spider Form                    Transmutation/Poison         3
   d - Ice Form                       Ice/Transmutation            4
   e - Blade Hands                    Transmutation                5
Comestibles
 c - 2 bread rations
 f - 2 meat rations
 i - 3 fruits
 k - a beef jerky
 l - 4 chunks of flesh


   Skills:
 - Level 1.1 Fighting
 - Level 1.7 Dodging
 * Level 5.1 Unarmed Combat
 - Level 2.0 Spellcasting
 + Level 3.6 Transmutations


You had 2 spell levels left.
You knew the following spells:

 Your Spells              Type           Power        Failure   Level  Hunger
a - Beastly Appendage     Tmut           ##....       8%          1    ##.....
b - Sticks to Snakes      Tmut           ##......     10%         2    ###....
c - Spider Form           Tmut/Pois      #.........   38%         3    ####...


Dungeon Overview and Level Annotations

Branches:
Dungeon (4/15)
 Temple: D:4-7

Altars:
Dithmenos
Nemelex Xobeh
Qazlal
Yredelemnul
The Shining One


Innate Abilities, Weirdness & Mutations

Your plain brown scales are hard. (AC +5)
Your body does not fit into most forms of armour.
You are cold-blooded and may be slowed by cold attacks.


Message History

You fly upwards.
There is a stone staircase leading down here.
You can't go up here!
Unknown command.
There is a lethal amount of poison in your body!
There is a lethal amount of poison in your body!
Okay, then.
Okay, then.
* * * LOW HITPOINT WARNING * * *
You feel sick.
There is a lethal amount of poison in your body!
Unknown command.
Okay, then.
Casting: Beastly Appendage
Confirm with . or Enter, or press ? or * to list all spells.
You miscast Spider Form.
Strange energies run through your body.
Casting: Spider Form
Confirm with . or Enter, or press ? or * to list all spells.
You miscast Spider Form.
You feel odd.
You die...

#.#####.####.########..##.....# #
##.###.## #..# ####.<###..### #
##...## ##.# #.....###..#####
##### ##.## #.##............
#########...###.###.###..#####
#......(........# #.# #..#
##.#######>).##### #.# #..#
###..########.#### #.# #..# ##
##..............@#####.###..# ##
......########.#...)..#.....#####
...#.## #.#######.###....##§
.#...# #.# #.# #######. .#.#.#
#.# #.# #§ .#.#.# #.# #.# #.
...#.# ##.## #.# #§ .#.#.# #...#
#.# #. .#.#.# #.#.# #.# ###


There were no monsters in sight!

Vanquished Creatures
  An orc priest (D:3)
  An orc wizard (D:4)
  3 adders
  2 oozes (D:3)
  2 dart slugs (D:2)
  3 giant geckos
  7 orcs
  8 bats
  3 giant cockroaches
  7 goblins
  13 hobgoblins
  2 jackals (D:1)
  4 kobolds
  A quokka (D:2)
  2 giant newts (D:2)
  A quokka skeleton (D:4)
  7 rats
67 creatures vanquished.

Notes
Turn   | Place    | Note
-------+----------+-------------------------------------------
     0 | D:1      | kae the Draconian Transmuter began the quest for the Orb.
     0 | D:1      | Reached XP level 1. HP: 16/16 MP: 3/3
   231 | D:1      | Reached XP level 2. HP: 12/23 MP: 5/5
   442 | D:1      | Learned a level 2 spell: Sticks to Snakes
  1229 | D:2      | Reached XP level 3. HP: 22/28 MP: 6/6
  1238 | D:2      | Found a shadowy altar of Dithmenos.
  1333 | D:2      | Reached skill level 4 in Unarmed Combat
  2220 | D:3      | Reached XP level 4. HP: 33/35 MP: 7/7
  2285 | D:3      | Found a stormy altar of Qazlal.
  2316 | D:3      | Became a worshipper of Qazlal Stormbringer
  2485 | D:3      | Learned a level 3 spell: Spider Form
  2514 | D:3      | Found a sparkling altar of Nemelex Xobeh.
  2582 | D:3      | Found a faded altar of an unknown god.
  2721 | D:3      | Reached * piety under Qazlal
  2750 | D:3      | Reached XP level 5. HP: 40/40 MP: 8/8
  2752 | D:3      | Found a basalt altar of Yredelemnul.
  2757 | D:3      | Found a glowing golden altar of the Shining One.
  2931 | D:3      | Noticed an angel
  2987 | D:4      | Reached skill level 5 in Unarmed Combat
  3074 | D:4      | HP: 2/40 [poisoned by a worker ant]
  3082 | D:3      | HP: 1/40 [poisoned by a worker ant]
  3086 | D:3      | Succumbed to a worker ant's poison

Vault maps used:
D:1:      lemuel_arrival_river_ford
D:2:      grunt_dithmenos_smoke
D:3:      grunt_temple_overflow_holy_war, nemelex_xobeh_ov_fountains_minmay,
          lemuel_doored_altar, ecumenical_altar_1, minmay_misc_feat_four_crosses
D:4:      minmay_opposing_rooms, grunt_temple_overflow_open, lemuel_round_altar,
          enter_ossuary_3, first_bread, portal_sewer_entry_e, serial_shops,
          nicolae_shop_temple_entry_statues_fountains, shop,
          nicolae_shop_window_shopping, kennysheep_little_box, uniq_sigmund,
          uniq_edmund

Skill      XL: |  1  2  3  4  5 |
---------------+----------------+-----
Unarmed Combat | 4 5 |  5.1
Transmutations | 3 |  3.6
Fighting       | |  1.1
Dodging        | |  1.7
Spellcasting   | |  2.0

Action                   |  1- 3 |  4- 6 || total
-------------------------+-------+-------++-------
Melee: Unarmed           |   144 |   133 ||   277
       Kick              |     8 |     7 ||    15
       Tailslap          |    11 |    11 ||    22
       Headbutt          |     1 |     3 ||     4
       Punch             |       |     1 ||     1
 Cast: Beastly Appendage |     5 |     5 ||    10
  Use: Scroll            |     1 |     4 ||     5
       Potion            |       |     3 ||     3
 Stab: Sleeping          |     1 |       ||     1
  Eat: Chunk             |     4 |     3 ||     7
Armor: Skin              |    52 |    39 ||    91
Dodge: Dodged            |    74 |    71 ||   145
Block: Other             |       |     1 ||     1
